LNP
FLORIDA MOGOTES @ BARRANQUITAS ILUSTRES
09/11/1903
 
TOP OF THE 1ST
Florida Mogotes batting - Pitching for Barranquitas Ilustres : RHP Jesús Monge
Pitching: RHP Jesús Monge
Batting: LHB Matt Frederick 0-0: Called Strike
0-1: Foul Ball, location: 9LSFF
0-2: Foul Ball, location: 25FF
0-2: Fly out, F4 (Line Drive, 4, EV 105 KM/H)
Batting: RHB Arturo Pérez 0-0: Fly out, F6 (Popup, P, EV 132 KM/H)
Batting: SHB Peyton Byrnes 0-0: Ball
1-0: Ball
2-0: Ball
3-0: Called Strike
3-1: Base on Balls
Batting: SHB Álvar Aguilar 0-0: Called Strike
Peyton Byrnes is caught stealing 2nd base 2-6
Top of the 1st over - 0 runs, 0 hits, 0 errors, 0 left on base; Florida 0 - Barranquitas 0
BOTTOM OF THE 1ST
Barranquitas Ilustres batting - Pitching for Florida Mogotes : RHP Hansel Cabriales
Pitching: RHP Hansel Cabriales
Batting: RHB Pedro Varela 0-0: Called Strike
0-1: Ball
1-1: Swinging Strike
1-2: Reached on error, E5 (Groundball, 56, EV 162 KM/H)
Batting: SHB Marcos Aponte Pickoff Throw to First - Out! 1-3
0-0: Swinging Strike
0-1: Foul Ball, location: 5DF
0-2: Ground out 4-3 (Groundball, 4, EV 139 KM/H)
Batting: LHB Agapito García 0-0: DOUBLE (Line Drive, 7LS, EV 173 KM/H)
Batting: RHB José Fierro 0-0: Ball
1-0: Ball
2-0: Called Strike
2-1: Fly out, F3 (Popup, 3F, EV 98 KM/H)
Bottom of the 1st over - 0 runs, 1 hit, 1 error, 1 left on base; Florida 0 - Barranquitas 0
TOP OF THE 2ND
Florida Mogotes batting - Pitching for Barranquitas Ilustres : RHP Jesús Monge
Batting: SHB Álvar Aguilar 0-0: Ground out 4-3 (Groundball, 4S, EV 102 KM/H)
Batting: LHB Eugenio González 0-0: Ball
1-0: Foul Ball, location: 7LMF
1-1: Ground out 2-3 (Groundball, 2L, EV 112 KM/H)
Batting: RHB Cecilio Rivera 0-0: Ball
1-0: Fly out, F7 (Flyball, 7D, EV 168 KM/H)
Top of the 2nd over - 0 runs, 0 hits, 0 errors, 0 left on base; Florida 0 - Barranquitas 0
BOTTOM OF THE 2ND
Barranquitas Ilustres batting - Pitching for Florida Mogotes : RHP Hansel Cabriales
Batting: SHB Columbano Rubio 0-0: Ball
1-0: Foul Ball, location: 2LF
1-1: Ground out 4-3 (Groundball, 4S, EV 139 KM/H)
Batting: RHB Ramón Quezada 0-0: Ball
1-0: Ball
2-0: Ball
3-0: Called Strike
3-1: Base on Balls
Batting: SHB Jorge Pesquera 0-0: Ground out 6-3 (Groundball, 6, EV 139 KM/H)
Ramón Quezada to second
Batting: RHB Pascual Santana 0-0: Called Strike
0-1: Ball
1-1: Ball
2-1: Swinging Strike
2-2: Ball
3-2: Ground out 3-1 (Groundball, 34S, EV 136 KM/H)
Bottom of the 2nd over - 0 runs, 0 hits, 0 errors, 1 left on base; Florida 0 - Barranquitas 0
TOP OF THE 3RD
Florida Mogotes batting - Pitching for Barranquitas Ilustres : RHP Jesús Monge
Batting: LHB Tony Williams 0-0: Swinging Strike
0-1: Ball
1-1: Fly out, F6 (Popup, 6MS, EV 107 KM/H)
Batting: RHB Ubaldo Hernández 0-0: Ball
1-0: Foul Ball, location: 2F
1-1: Foul Ball, location: 3F
1-2: Ball
2-2: Ball
3-2: Ground out 3-1 (Groundball, 34, EV 152 KM/H)
Batting: RHB Armando Lucero 0-0: Ground out 6-3 (Groundball, 56D, EV 177 KM/H)
Top of the 3rd over - 0 runs, 0 hits, 0 errors, 0 left on base; Florida 0 - Barranquitas 0
BOTTOM OF THE 3RD
Barranquitas Ilustres batting - Pitching for Florida Mogotes : RHP Hansel Cabriales
Batting: LHB Chad Nivens 0-0: Ball
1-0: Bunted foul
1-1: Foul Ball, location: 5F
1-2: SINGLE (Flyball, 56D, EV 173 KM/H)
Batting: RHB Pedro Varela 0-0: Called Strike
Chad Nivens is caught stealing 2nd base 2-4
0-1: Foul Ball, location: 9LDF
0-2: Foul Ball, location: 2F
0-2: SINGLE (Line Drive, 9S, EV 142 KM/H)
Batting: SHB Marcos Aponte 0-0: DOUBLE (Flyball, 78XD, EV 150 KM/H)
Pedro Varela to third
Pedro Varela scores
Batting: LHB Agapito García 0-0: SINGLE (Groundball, 4MD, EV 172 KM/H)
Marcos Aponte to third
Runner from 3rd tries for Home, SAFE, throw by CF to home
Batting: RHB José Fierro 0-0: Ball
1-0: SINGLE (Line Drive, 89S, EV 167 KM/H)
Agapito García to second
Runner from 2nd tries for 3rd, SAFE, throw by RF made to third
Batting: SHB Columbano Rubio 0-0: Ball
1-0: Foul Ball, location: 2F
1-1: Foul Ball, location: 5FF
1-2: Fly out, F6 (Popup, 6MS, EV 122 KM/H)
Batting: RHB Ramón Quezada 0-0: Called Strike
José Fierro steals 2nd base
0-1: Ground out 3-1 (Groundball, 34, EV 132 KM/H)
Bottom of the 3rd over - 2 runs, 5 hits, 0 errors, 2 left on base; Florida 0 - Barranquitas 2
TOP OF THE 4TH
Florida Mogotes batting - Pitching for Barranquitas Ilustres : RHP Jesús Monge
Batting: LHB Matt Frederick 0-0: Ball
1-0: Called Strike
1-1: Foul Ball, location: 2F
1-2: Fly out, F8 (Line Drive, 8RS, EV 142 KM/H)
Batting: RHB Arturo Pérez 0-0: Ball
1-0: Reached on error, E4 (Groundball, 4, EV 168 KM/H)
Batting: SHB Peyton Byrnes 0-0: Called Strike
Arturo Pérez steals 2nd base
0-1: Foul Ball, location: 5DF
0-2: Ball
1-2: Fly out, F7 (Flyball, 7, EV 135 KM/H)
Batting: SHB Álvar Aguilar 0-0: Swinging Strike
0-1: Ball
1-1: Foul Ball, location: 25F
1-2: Ball
2-2: Strikes out swinging
Top of the 4th over - 0 runs, 0 hits, 1 error, 1 left on base; Florida 0 - Barranquitas 2
BOTTOM OF THE 4TH
Barranquitas Ilustres batting - Pitching for Florida Mogotes : RHP Hansel Cabriales
Batting: SHB Jorge Pesquera 0-0: Called Strike
0-1: Called Strike
0-2: Ball
1-2: Ground out U3 (Groundball, 3L, EV 126 KM/H)
Batting: RHB Pascual Santana 0-0: Foul Ball, location: 9LDF
0-1: Ball
1-1: Swinging Strike
1-2: Ball
2-2: Fly out, F9 (Line Drive, 9, EV 158 KM/H)
Batting: LHB Chad Nivens 0-0: Called Strike
0-1: Foul Ball, location: 7LDF
0-2: DOUBLE (Line Drive, 7LM, EV 158 KM/H)
Batting: RHB Pedro Varela 0-0: Ball
1-0: Ball
2-0: Called Strike
2-1: Ground out 6-3 (Groundball, 6S, EV 135 KM/H)
Bottom of the 4th over - 0 runs, 1 hit, 0 errors, 1 left on base; Florida 0 - Barranquitas 2
TOP OF THE 5TH
Florida Mogotes batting - Pitching for Barranquitas Ilustres : RHP Jesús Monge
Batting: LHB Eugenio González 0-0: Ball
1-0: SINGLE (Groundball, 4MD, EV 163 KM/H)
Batting: RHB Cecilio Rivera 0-0: Foul Ball, location: 9LMF
0-1: Called Strike
0-2: Foul Ball, location: 2F
0-2: Ball
1-2: Strikes out swinging
Batting: LHB Tony Williams 0-0: Ball
1-0: Ball
2-0: Swinging Strike
2-1: Foul Ball, location: 2F
2-2: Ball
3-2: Fly out, F8 (Line Drive, 8RM, EV 137 KM/H)
Batting: RHB Ubaldo Hernández 0-0: Called Strike
0-1: Ball
1-1: Fly out, F7 (Flyball, 7D, EV 140 KM/H)
Top of the 5th over - 0 runs, 1 hit, 0 errors, 1 left on base; Florida 0 - Barranquitas 2
BOTTOM OF THE 5TH
Barranquitas Ilustres batting - Pitching for Florida Mogotes : RHP Hansel Cabriales
Batting: SHB Marcos Aponte 0-0: Ball
1-0: Fly out, F3 (Popup, 23F, EV 137 KM/H)
Batting: LHB Agapito García 0-0: Ball
1-0: Ball
2-0: SINGLE (Line Drive, 7LS, EV 149 KM/H)
Batting: RHB José Fierro 0-0: Fly out, F6 (Popup, 6MS, EV 109 KM/H)
Batting: SHB Columbano Rubio 0-0: Called Strike
0-1: Fly out, F9 (Flyball, 89S, EV 138 KM/H)
Bottom of the 5th over - 0 runs, 1 hit, 0 errors, 1 left on base; Florida 0 - Barranquitas 2
TOP OF THE 6TH
Florida Mogotes batting - Pitching for Barranquitas Ilustres : RHP Jesús Monge
Batting: RHB Armando Lucero 0-0: Foul Ball, location: 2F
0-1: Swinging Strike
0-2: Ball
1-2: Foul Ball, location: 9LSF
1-2: Strikes out swinging
Batting: LHB Matt Frederick 0-0: Ball
1-0: Foul Ball, location: 9LSF
1-1: Fly out, F8 (Flyball, 8LD, EV 157 KM/H)
Batting: RHB Arturo Pérez 0-0: Called Strike
0-1: Called Strike
0-2: Ball
1-2: Ground out 4-3 (Groundball, 34, EV 144 KM/H)
Top of the 6th over - 0 runs, 0 hits, 0 errors, 0 left on base; Florida 0 - Barranquitas 2
BOTTOM OF THE 6TH
Barranquitas Ilustres batting - Pitching for Florida Mogotes : RHP Hansel Cabriales
Batting: RHB Ramón Quezada 0-0: Called Strike
0-1: Reached on error, E6 (Groundball, 6, EV 158 KM/H)
Batting: SHB Jorge Pesquera 0-0: Ground out 4-3 (Groundball, 4, EV 137 KM/H)
Ramón Quezada to second
Batting: RHB Pascual Santana 0-0: Ball
1-0: Called Strike
Ramón Quezada is caught stealing 3rd base 2-5
1-1: Called Strike
1-2: Ball
2-2: Ball
3-2: Fly out, F9 (Line Drive, 9S, EV 153 KM/H)
Bottom of the 6th over - 0 runs, 0 hits, 1 error, 0 left on base; Florida 0 - Barranquitas 2
TOP OF THE 7TH
Florida Mogotes batting - Pitching for Barranquitas Ilustres : RHP Jesús Monge
Batting: SHB Peyton Byrnes 0-0: Called Strike
0-1: Ball
1-1: Swinging Strike
1-2: Ground out 3-1 (Groundball, 34, EV 168 KM/H)
Batting: SHB Álvar Aguilar 0-0: Ball
1-0: Ball
2-0: Foul Ball, location: 2RF
2-1: Called Strike
2-2: Foul Ball, location: 23F
2-2: SINGLE (Flyball, 89S, EV 147 KM/H)
Batting: LHB Eugenio González 0-0: Foul Ball, location: 5F
0-1: Ball
1-1: Ball
2-1: Swinging Strike
2-2: Ball
Álvar Aguilar is caught stealing 2nd base 2-6
3-2: Foul Ball, location: 3FF
3-2: Foul Ball, location: 7LMF
3-2: Fly out, F9 (Flyball, 9LD, EV 175 KM/H)
Top of the 7th over - 0 runs, 1 hit, 0 errors, 0 left on base; Florida 0 - Barranquitas 2
BOTTOM OF THE 7TH
Barranquitas Ilustres batting - Pitching for Florida Mogotes : RHP Hansel Cabriales
DELAY Rain delay of 28 minutes in the 7th inning.
Batting: LHB Chad Nivens 0-0: Ball
1-0: Called Strike
1-1: Foul Ball, location: 2RF
1-2: Ground out 1-3 (Groundball, 15S, EV 105 KM/H)
Batting: RHB Pedro Varela 0-0: Foul Ball, location: 2F
0-1: Fly out, F3 (Popup, 3, EV 121 KM/H)
Batting: SHB Marcos Aponte 0-0: Ball
1-0: Fly out, F8 (Flyball, 78S, EV 148 KM/H)
Bottom of the 7th over - 0 runs, 0 hits, 0 errors, 0 left on base; Florida 0 - Barranquitas 2
TOP OF THE 8TH
Florida Mogotes batting - Pitching for Barranquitas Ilustres : RHP Jesús Monge
Batting: RHB Cecilio Rivera 0-0: Ball
1-0: Swinging Strike
1-1: Ground out 5-3 (Groundball, 56S, EV 131 KM/H)
Batting: LHB Tony Williams 0-0: Called Strike
0-1: Ground out 5-3 (Groundball, 56S, EV 144 KM/H)
Batting: RHB Ubaldo Hernández 0-0: Called Strike
0-1: Ball
1-1: Ground out 6-3 (Groundball, 6, EV 131 KM/H)
Top of the 8th over - 0 runs, 0 hits, 0 errors, 0 left on base; Florida 0 - Barranquitas 2
BOTTOM OF THE 8TH
Barranquitas Ilustres batting - Pitching for Florida Mogotes : RHP Hansel Cabriales
Batting: LHB Agapito García 0-0: Swinging Strike
0-1: Fly out, F8 (Flyball, 8LXD, EV 173 KM/H)
Batting: RHB José Fierro 0-0: Called Strike
0-1: Ground out 1-3 (Groundball, 13S, EV 116 KM/H)
Batting: SHB Columbano Rubio 0-0: Foul Ball, location: 23F
0-1: Ball
1-1: Ball
2-1: Ground out U3 (Groundball, 34S, EV 140 KM/H)
Bottom of the 8th over - 0 runs, 0 hits, 0 errors, 0 left on base; Florida 0 - Barranquitas 2
TOP OF THE 9TH
Florida Mogotes batting - Pitching for Barranquitas Ilustres : RHP Jesús Monge
Now at 1B: Pedro Varela
Now at 2B: Ireneo Rodriques
Now in RF: Hermenegildo Zaragoza
Batting: RHB Armando Lucero 0-0: Ground out U3 (Groundball, 34S, EV 128 KM/H)
Batting: LHB Matt Frederick 0-0: Called Strike
0-1: Foul Ball, location: 2F
0-2: Ball
1-2: Foul Ball, location: 7LMF
1-2: Ball
2-2: Fly out, F6 (Popup, P, EV 139 KM/H)
Batting: RHB Arturo Pérez 0-0: Reached on error, E3 (Groundball, 3L, EV 135 KM/H)
Batting: SHB Peyton Byrnes 0-0: Reached on error, E3 (Groundball, 3, EV 132 KM/H)
Arturo Pérez to second
Batting: SHB Álvar Aguilar 0-0: Swinging Strike
0-1: Called Strike
0-2: Ball
1-2: Ball
2-2: Strikes out swinging
Top of the 9th over - 0 runs, 0 hits, 2 errors, 2 left on base; Florida 0 - Barranquitas 2
Thursday, April 18th , 2024 - OOTP Baseball 25.2 Build 53